 Dungeon Crawl Stone Soup version 0.31.0-12-g77e489cdc1 (webtiles) character file.

Game seed: 3662173522870559570

931 Silvore the Slasher (level 7, -8/55 HPs)
             Began as a Demonspawn Fighter on Feb 13, 2024.
             Mangled by an ogre
             ... wielding a +0 giant club
              (25 damage)
             ... on level 5 of the Dungeon.
             The game lasted 00:04:41 (4781 turns).

Silvore the Slasher (Demonspawn Fighter)            Turns: 4781, Time: 00:04:41

Health: -8/55      AC: 10    Str: 18    XL:     7   Next: 86%
Magic:  7/7        EV: 10    Int:  9    God:
Gold:   218        SH:  5    Dex: 12    Spells: 6/6 levels left

rFire   . . .        a - +0 long sword
rCold   . . .        c - +1 buckler
rNeg    . . .        b - +0 scale mail
rPois   .            (no helmet)
rElec   .            (no cloak)
rCorr   .            (no gloves)
SInv    .            g - +0 pair of boots
Will    .....        (no amulet) Stlth
                     (no ring)
HPRegen 0.29/turn    (no ring)
MPRegen 0.10/turn

%: no passive effects
@: no status effects
A: icy blue scales 1, foul stench 2, powered by pain 1
a: no special abilities


You were on level 5 of the Dungeon.
You visited 1 branch of the dungeon, and saw 5 of its levels.

You collected 218 gold pieces.

Inventory:

Hand Weapons
 a - a +0 long sword (weapon)
Armour
 b - a +0 scale mail (worn)
 c - a +1 buckler (worn)
 g - a +0 pair of boots (worn)
Scrolls
 k - a scroll of fog
 m - a scroll of fear
Potions
 d - a potion of enlightenment
 e - a potion of lignification
 h - 2 potions of mutation
 j - a potion of brilliance {unknown}
 l - a potion of magic {unknown}


   Skills:
 + Level 4.7 Fighting
 + Level 5.3 Long Blades
 + Level 4.9 Armour
 + Level 2.0 Dodging
 + Level 0.4 Stealth
 + Level 3.6 Shields


You had 6 spell levels left.
You didn't know any spells.
Your spell library contained the following spells:

 Spells                   Type           Power      Damage    Failure   Level
 Shock                    Conj/Air       0%         1d3       83%         1
 Ensorcelled Hibernation  Hex/Ice        0%         N/A       93%         2
 Fugue of the Fallen      Necr           0%         N/A       99%         3
 Swiftness                Air            0%         N/A       99%         3
 Tukima's Dance           Hex            0%         N/A       99%         3
 Airstrike                Air            0%         2d(0-16)  100%        4
 Anguish                  Hex/Necr       0%         N/A       100%        4
 Passage of Golubria      Tloc           0%         N/A       100%        4
 Yara's Violent Unravell  Hex/Alch       0%         3d3       100%        5


Dungeon Overview and Level Annotations

Branches:
Dungeon (5/15)
 Temple: D:4-7

Altars:
Dithmenos
Hepliaklqana
Yredelemnul

Shops:
D:1 =


Innate Abilities, Weirdness & Mutations

You are partially covered in icy blue scales. (AC +2)
You sometimes emit foul miasma when damaged in melee.
You sometimes gain a little power by taking damage.


Message History

You slash the ufetubus!
You kill the ufetubus!
The ufetubus hits you but does no damage. x2
The ufetubus slips past you!
The ufetubus hits you but does no damage. x2
The ufetubus barely misses you. You block the ufetubus's attack.
The ufetubus hits you but does no damage. x2
You hit the ufetubus.
The ufetubus is moderately wounded.
The ufetubus hits you. x2; You block the ufetubus's attack.
The ufetubus hits you but does no damage.
The ufetubus barely misses you. The ufetubus closely misses you.
The ogre attacks as it pursues you! The ogre barely misses you.
The ufetubus closely misses you.
The ufetubus hits you but does no damage.
The ufetubus attacks as it pursues you! You block the ufetubus's attack.
The ufetubus closely misses you. The ufetubus attacks as it pursues you!
The ufetubus hits you but does no damage.
The ufetubus hits you.
You closely miss the ufetubus.
The ufetubus is lightly wounded.
The ufetubus slips past you! You block the ufetubus's attack.
The ufetubus hits you but does no damage.
You slash the ogre!
The ogre is moderately wounded.
The ufetubus hits you.
You emit a cloud of foul miasma!
The ufetubus hits you. The ogre closely misses you.
You block the ufetubus's attack. The ufetubus hits you.
You hit the ogre.
The ogre is heavily wounded.
The ufetubus barely misses you. x2
The ogre hits you with a +0 giant club!!
The ufetubus hits you but does no damage. x2
You barely miss the ogre.
The ogre is heavily wounded.
You block the ufetubus's attack.
The ufetubus hits you but does no damage.
The ogre hits you with a +0 giant club!!
You die...

###.###.............####..
#.##.......#....###.##.8
#.##.#.....####.....##..
#.##.......## #......###
##.#...###>..# ###..#....
#........#...## ##.#.....
#......#...#..###..#.....
#......##..............##
#......5@O.........###..#
#........###.#...######..
#......### #.#......####.
#......# #...####......
##.##### ###..####......
#.# #).....#....... #.#
#.............. #.#
#..............
#.########......#..%....


You could see an ogre and an ufetubus.

Vanquished Creatures
  Pikel (D:3)
  A phantom (D:5)
  3 orc priests
  2 iguanas
  Terence (D:3)
  8 gnolls
  5 adders
  A shadow imp (D:5)
  An ufetubus (D:5)
  2 dart slugs
  A ribbon worm (D:4)
  3 orcs
  5 ball pythons
  7 bats
  3 endoplasms
  3 giant cockroaches
  5 hobgoblins
  4 jackals (D:4)
  6 kobolds
  2 quokkas (D:2)
  5 frilled lizards
  9 goblins
  6 rats
84 creatures vanquished.

Notes
Turn   | Place    | Note
-------+----------+-------------------------------------------
     0 | D:1      | Silvore the Demonspawn Fighter began the quest for the Orb.
     0 | D:1      | Reached XP level 1. HP: 18/18 MP: 1/1
   260 | D:1      | Found Zaogroom's Jewellery Shop.
   556 | D:1      | Gained mutation: You sometimes gain a little power by
                  | taking damage. [demonic ancestry]
   556 | D:1      | Reached XP level 2. HP: 22/24 MP: 2/2
   933 | D:2      | Found a hazy altar of Hepliaklqana.
   943 | D:2      | Reached skill level 2 in Long Blades
  1195 | D:2      | Reached XP level 3. HP: 29/29 MP: 3/3
  1840 | D:3      | Found a basalt altar of Yredelemnul.
  2006 | D:3      | Found a shadowy altar of Dithmenos.
  2106 | D:3      | Noticed Terence
  2119 | D:3      | Killed Terence
  2120 | D:3      | Gained mutation: You are partially covered in icy blue
                  | scales. (AC +2) [demonic ancestry]
  2120 | D:3      | Reached XP level 4. HP: 27/35 MP: 4/4
  2542 | D:3      | Reached skill level 3 in Long Blades
  2721 | D:4      | Noticed Pikel
  2721 | D:4      | Noticed a lemure
  2721 | D:4      | Noticed a lemure
  2721 | D:4      | Noticed a lemure
  2743 | D:3      | Killed Pikel
  2744 | D:3      | Reached skill level 4 in Long Blades
  2744 | D:3      | Reached skill level 1 in Dodging
  2744 | D:3      | Reached XP level 5. HP: 10/42 MP: 5/5
  2744 | D:3      | Gained mutation: You may rarely emit foul miasma when
                  | damaged in melee. [demonic ancestry]
  2744 | D:3      | Reached XP level 6. HP: 12/48 MP: 6/6
  2744 | D:3      | Gained mutation: You sometimes emit foul miasma when
                  | damaged in melee. [demonic ancestry]
  2744 | D:3      | Reached XP level 7. HP: 13/54 MP: 7/7
  3960 | D:5      | Entered Level 5 of the Dungeon
  4212 | D:5      | Reached skill level 5 in Long Blades
  4781 | D:5      | Mangled by an ogre

Illustrated notes

Levels and vault maps discovered:
D:1:      lightli_arrival_windingriver, layout_loops_ring, serial_shops, shop,
          st_stairs_7
D:2:      layout_basic, basic_altar, minmay_misc_feat_columns
D:3:      layout_loops_corners, mainiacjoe_overflow_cross_hatched,
          lemuel_coloured_pillars_altar, serial_glass, glass_columns_a,
          glass_columns_b, hangedman_decor_peaks_small, uniq_terence
D:4:      layout_loops_ring, uniq_pikel
D:5:      layout_rooms, kennysheep_mini_moat, minmay_hedge_maze,
          nicolae_elevator_lobby_asterisk

Skill      XL: |  1  2  3  4  5  6  7 |
---------------+----------------------+-----
Armour         | 3 4 |  4.9
Long Blades    | 2 4 5 |  5.3
Shields        | 3 |  3.6
Fighting       | 4 |  4.7
Dodging        | 1 2 |  2.0
Stealth        | |  0.4

Action                     |  1- 3 |  4- 6 |  7- 9 || total
---------------------------+-------+-------+-------++-------
  Melee: Long sword        |   147 |    42 |   134 ||   323
    Use: Scroll            |     6 |     2 |     2 ||    10
         Potion            |     1 |     2 |     2 ||     5
 Armour: Scale mail        |   138 |    40 |   152 ||   330
  Dodge: Dodged            |    77 |    22 |   113 ||   212
  Block: Buckler           |    45 |    18 |    62 ||   125
